MLB
NEW YORK (A) YANKEES @ BALTIMORE ORIOLES
07/14/2041
 
TOP OF THE 1ST
New York (A) Yankees batting - Pitching for Baltimore Orioles : RHP Dwayne Arnold
Pitching: RHP Dwayne Arnold
Batting: LHB Johnny Erwin 0-0: DOUBLE (Flyball, 8LXD, EV 109.4 MPH)
Batting: RHB Gene Russell 0-0: Ball
1-0: Swinging Strike
1-1: Fly out, F7 (Flyball, 78S, EV 91.3 MPH)
Batting: LHB Derek Allen 0-0: Ball
1-0: Foul Ball, location: 3F
1-1: SINGLE (Line Drive, 3D, EV 98.8 MPH)
Johnny Erwin to third
Runner from 3rd tries for Home, SAFE, throw by RF to home
Batting: SHB Rodrigo López 0-0: Swinging Strike
0-1: Foul Ball, location: 3F
0-2: Foul Ball, location: 9LDF
0-2: Ball
1-2: 2-RUN HOME RUN (Flyball, 9D, EV 96.9 MPH), Distance : 383 ft
Batting: RHB Sumitomo Nakamura 0-0: Called Strike
0-1: DOUBLE (Flyball, 8RD, EV 110.6 MPH)
Batting: LHB Esteban Morán 0-0: Foul Ball, location: 2F
0-1: Ball
1-1: Foul Ball, location: 2F
1-2: Strikes out swinging
Batting: RHB Juan Colón 0-0: Fly out, F8 (Flyball, 8RM, EV 88.8 MPH)
Top of the 1st over - 3 runs, 4 hits, 0 errors, 1 left on base; New York (A) 3 - Baltimore 0
BOTTOM OF THE 1ST
Baltimore Orioles batting - Pitching for New York (A) Yankees : RHP Tim Bergeron
Pitching: RHP Tim Bergeron
Batting: RHB Mikolas Polansky 0-0: Ball
1-0: Called Strike
1-1: Foul Ball, location: 9LDF
1-2: Ball
2-2: Fly out, F8 (Flyball, 8RM, EV 78.1 MPH)
Batting: RHB Tommy Reyna 0-0: Swinging Strike
0-1: Ball
1-1: Called Strike
1-2: Strikes out swinging
Batting: LHB Samad Beybukov 0-0: Called Strike
0-1: Foul Ball, location: 7LDF
0-2: Ball
1-2: Ball
2-2: Ball
3-2: Foul Ball, location: 25FF
3-2: Foul Ball, location: 2F
3-2: Base on Balls
Batting: LHB Juan Jose Cabrera 0-0: Ball
1-0: Ball
2-0: Foul Ball, location: 2F
2-1: Foul Ball, location: 25FF
2-2: Ball
3-2: Foul Ball, location: 25F
3-2: Foul Ball, location: 3F
3-2: Foul Ball, location: 2F
3-2: Foul Ball, location: 2F
3-2: Foul Ball, location: 23F
3-2: Strikes out swinging
Bottom of the 1st over - 0 runs, 0 hits, 0 errors, 1 left on base; New York (A) 3 - Baltimore 0
TOP OF THE 2ND
New York (A) Yankees batting - Pitching for Baltimore Orioles : RHP Dwayne Arnold
Batting: RHB António Garza 0-0: Swinging Strike
0-1: Ball
1-1: Foul Ball, location: 9LDF
1-2: Fly out, F8 (Flyball, 8LD, EV 110.6 MPH)
Batting: RHB Benjamim Futscher 0-0: Ball
1-0: Foul Ball, location: 2F
1-1: Ball
2-1: SINGLE (Groundball, 5S, EV 66.3 MPH) (infield hit)
Batting: LHB Johnny Erwin 0-0: SINGLE (Groundball, 6MD, EV 106.3 MPH)
Benjamim Futscher to second
Throwing error, E8
Benjamim Futscher scores
Johnny Erwin to second
Batting: RHB Gene Russell 0-0: Called Strike
0-1: Fly out, F8 (Flyball, 8RD, EV 87.5 MPH)
Batting: LHB Derek Allen 0-0: Swinging Strike
0-1: Fly out, F3 (Line Drive, 3, EV 72.5 MPH)
Top of the 2nd over - 1 run, 2 hits, 1 error, 1 left on base; New York (A) 4 - Baltimore 0
BOTTOM OF THE 2ND
Baltimore Orioles batting - Pitching for New York (A) Yankees : RHP Tim Bergeron
Batting: LHB Jeff Hodge 0-0: Ball
1-0: Ground out 6-3 (Groundball, 6MD, EV 95.6 MPH)
Batting: RHB Cedric Powers 0-0: Called Strike
0-1: Ball
1-1: Ball
2-1: Called Strike
2-2: Fly out, F5 (Popup, 5S, EV 78.1 MPH)
Batting: LHB Greg Martin 0-0: Fly out, F7 (Flyball, 7LD, EV 111.9 MPH)
Bottom of the 2nd over - 0 runs, 0 hits, 0 errors, 0 left on base; New York (A) 4 - Baltimore 0
TOP OF THE 3RD
New York (A) Yankees batting - Pitching for Baltimore Orioles : RHP Dwayne Arnold
Batting: SHB Rodrigo López 0-0: Ball
1-0: Fly out, F8 (Flyball, 8LD, EV 111.3 MPH)
Batting: RHB Sumitomo Nakamura 0-0: Ball
1-0: Swinging Strike
1-1: Foul Ball, location: 2F
1-2: Strikes out swinging
Batting: LHB Esteban Morán 0-0: Called Strike
0-1: Called Strike
0-2: Ball
1-2: Ball
2-2: Foul Ball, location: 2F
2-2: Ball
3-2: SINGLE (Groundball, 4M, EV 100.6 MPH) (infield hit)
Batting: RHB Juan Colón 0-0: Ball
1-0: Ball
2-0: Called Strike
2-1: Ball
Esteban Morán steals 2nd base
3-1: DOUBLE (Groundball, 5L, EV 96.3 MPH)
Esteban Morán scores
Batting: RHB António Garza 0-0: Called Strike
0-1: Called Strike
0-2: Ball
1-2: Ball
Wild Pitch!
Juan Colón to third
2-2: Strikes out swinging
Top of the 3rd over - 1 run, 2 hits, 0 errors, 1 left on base; New York (A) 5 - Baltimore 0
BOTTOM OF THE 3RD
Baltimore Orioles batting - Pitching for New York (A) Yankees : RHP Tim Bergeron
Batting: RHB Freddy Hernández 0-0: Ball
1-0: Fly out, F8 (Line Drive, 8LD, EV 102.5 MPH)
Batting: RHB Remigio Aguilar 0-0: Called Strike
0-1: Ground out 1-3 (Groundball, 15S, EV 62.5 MPH)
Batting: RHB Mikolas Polansky 0-0: Called Strike
0-1: Called Strike
0-2: Reached on error, E6 (Groundball, 6, EV 76.9 MPH)
Batting: RHB Tommy Reyna 0-0: Ball
1-0: Ground out 5-3 (Groundball, 56S, EV 80.0 MPH)
Bottom of the 3rd over - 0 runs, 0 hits, 1 error, 1 left on base; New York (A) 5 - Baltimore 0
TOP OF THE 4TH
New York (A) Yankees batting - Pitching for Baltimore Orioles : RHP Dwayne Arnold
Pitching: RHP José Méndez
Batting: RHB Benjamim Futscher 0-0: Fly out, F8 (Line Drive, 8RS, EV 86.3 MPH)
Batting: LHB Johnny Erwin 0-0: Ball
1-0: Ball
2-0: Called Strike
2-1: SINGLE (Line Drive, 9S, EV 105.6 MPH)
Batting: RHB Gene Russell 0-0: Called Strike
0-1: Called Strike
Johnny Erwin steals 2nd base
0-2: Ground out U3 (Groundball, 3, EV 83.1 MPH)
Johnny Erwin to third
Batting: LHB Derek Allen 0-0: Foul Ball, location: 23F
0-1: Ball
1-1: Ground out 5-3 (Groundball, 56, EV 103.8 MPH)
Top of the 4th over - 0 runs, 1 hit, 0 errors, 1 left on base; New York (A) 5 - Baltimore 0
BOTTOM OF THE 4TH
Baltimore Orioles batting - Pitching for New York (A) Yankees : RHP Tim Bergeron
Batting: LHB Samad Beybukov 0-0: Called Strike
0-1: Fly out, F9 (Flyball, 9S, EV 85.0 MPH)
Batting: LHB Juan Jose Cabrera 0-0: Called Strike
0-1: Called Strike
0-2: Ball
1-2: Ball
2-2: Fly out, F3 (Popup, 3SF, EV 71.3 MPH)
Batting: LHB Jeff Hodge 0-0: Ball
1-0: Swinging Strike
1-1: Ball
2-1: Swinging Strike
2-2: Ball
3-2: Strikes out swinging
Bottom of the 4th over - 0 runs, 0 hits, 0 errors, 0 left on base; New York (A) 5 - Baltimore 0
TOP OF THE 5TH
New York (A) Yankees batting - Pitching for Baltimore Orioles : RHP José Méndez
Batting: SHB Rodrigo López 0-0: Called Strike
0-1: Ball
1-1: Ball
2-1: Fly out, F8 (Flyball, 8RXD, EV 112.5 MPH)
Batting: RHB Sumitomo Nakamura 0-0: Ball
1-0: Called Strike
1-1: Foul Ball, location: 2F
1-2: Ball
2-2: Foul Ball, location: 9LSFF
2-2: Foul Ball, location: 2F
2-2: SOLO HOME RUN (Flyball, 7LD, EV 93.8 MPH), Distance : 340 ft
Batting: LHB Esteban Morán 0-0: Ball
1-0: Ball
2-0: Fly out, F7 (Flyball, 7D, EV 90.0 MPH)
Batting: RHB Juan Colón 0-0: Called Strike
0-1: Swinging Strike
0-2: Ground out 3-1 (Groundball, 34, EV 105.0 MPH)
Top of the 5th over - 1 run, 1 hit, 0 errors, 0 left on base; New York (A) 6 - Baltimore 0
BOTTOM OF THE 5TH
Baltimore Orioles batting - Pitching for New York (A) Yankees : RHP Tim Bergeron
Batting: RHB Cedric Powers 0-0: SINGLE (Line Drive, 89M, EV 97.5 MPH)
Batting: LHB Greg Martin 0-0: Grounds into double play, 5-4-3 (Groundball, 6, EV 102.5 MPH)
Batting: RHB Freddy Hernández 0-0: Called Strike
0-1: Ball
1-1: Ball
2-1: Foul Ball, location: 3DF
2-2: Ball
3-2: Strikes out looking
Bottom of the 5th over - 0 runs, 1 hit, 0 errors, 0 left on base; New York (A) 6 - Baltimore 0
TOP OF THE 6TH
New York (A) Yankees batting - Pitching for Baltimore Orioles : RHP José Méndez
Batting: RHB António Garza 0-0: Called Strike
0-1: Ball
1-1: Foul Ball, location: 2F
1-2: Ball
2-2: Foul Ball, location: 2F
2-2: Strikes out swinging, 2-3 out at first.
Batting: RHB Benjamim Futscher 0-0: Ball
1-0: Ball
2-0: Called Strike
2-1: Foul Ball, location: 9LSF
2-2: Ground out 4-3 (Groundball, 4, EV 103.1 MPH)
Batting: LHB Johnny Erwin 0-0: Ball
1-0: Ball
2-0: Ball
3-0: Base on Balls
Batting: RHB Gene Russell 0-0: Ball
1-0: Ball
2-0: Called Strike
2-1: Swinging Strike
2-2: SINGLE (Line Drive, 4MD, EV 96.9 MPH)
Johnny Erwin to second
Runner from 2nd tries for 3rd, SAFE, throw by CF made to third
Batting: LHB Derek Allen 0-0: Ball
1-0: Foul Ball, location: 3DF
1-1: 3-RUN HOME RUN (Flyball, 9LD, EV 95.6 MPH), Distance : 346 ft
Batting: SHB Rodrigo López 0-0: Called Strike
0-1: Foul Ball, location: 25F
0-2: Ball
1-2: Foul Ball, location: 2F
1-2: Strikes out looking
Top of the 6th over - 3 runs, 2 hits, 0 errors, 0 left on base; New York (A) 9 - Baltimore 0
BOTTOM OF THE 6TH
Baltimore Orioles batting - Pitching for New York (A) Yankees : RHP Tim Bergeron
Batting: RHB Remigio Aguilar 0-0: Called Strike
0-1: Ball
1-1: SINGLE (Groundball, 4D, EV 99.4 MPH)
Batting: RHB Mikolas Polansky 0-0: Called Strike
Remigio Aguilar steals 2nd base (no throw)
0-1: Called Strike
0-2: Ball
1-2: Ball
2-2: SINGLE (Line Drive, 8LS, EV 100.6 MPH)
Remigio Aguilar to third
Batting: RHB Tommy Reyna 0-0: Ball
1-0: Ball
Mikolas Polansky steals 2nd base
2-0: SINGLE (Groundball, 6MD, EV 93.8 MPH)
Remigio Aguilar scores
Mikolas Polansky to third
Batting: LHB Samad Beybukov 0-0: Ball
1-0: Single, Error in OF, E8, batter to second base (Groundball, 4MD, EV 95.0 MPH)
Mikolas Polansky scores
Tommy Reyna to third
Batting: LHB Juan Jose Cabrera 0-0: Ball
1-0: Ground out U3 (Groundball, 3, EV 104.4 MPH)
Batting: LHB Jeff Hodge 0-0: Ground out 6-3 (Groundball, 4M, EV 90.6 MPH)
Batting: RHB Cedric Powers 0-0: Ball
1-0: Foul Ball, location: 2F
1-1: Ball
2-1: Fly out, F7 (Flyball, 78S, EV 73.8 MPH)
Bottom of the 6th over - 2 runs, 4 hits, 1 error, 2 left on base; New York (A) 9 - Baltimore 2
TOP OF THE 7TH
New York (A) Yankees batting - Pitching for Baltimore Orioles : RHP José Méndez
Batting: RHB Sumitomo Nakamura 0-0: Called Strike
0-1: Swinging Strike
0-2: Fly out, F9 (Flyball, 9S, EV 92.5 MPH)
Batting: LHB Esteban Morán 0-0: SINGLE (Line Drive, 89S, EV 88.1 MPH)
Batting: RHB Juan Colón 0-0: Called Strike
0-1: Foul Ball, location: 9LDF
0-2: Grounds into double play, 4-6-3 (Groundball, 4M, EV 105.6 MPH)
Top of the 7th over - 0 runs, 1 hit, 0 errors, 0 left on base; New York (A) 9 - Baltimore 2
BOTTOM OF THE 7TH
Baltimore Orioles batting - Pitching for New York (A) Yankees : RHP Tim Bergeron
Batting: LHB Greg Martin 0-0: Ball
1-0: Swinging Strike
1-1: Called Strike
1-2: Strikes out swinging
Batting: RHB Freddy Hernández 0-0: Fly out, F9 (Flyball, 9LS, EV 100.6 MPH)
Batting: RHB Remigio Aguilar 0-0: Called Strike
0-1: Swinging Strike
0-2: Hit by Pitch
Batting: RHB Mikolas Polansky 0-0: Ball
1-0: Ball
2-0: Called Strike
2-1: Ball
3-1: Base on Balls
Remigio Aguilar to second
Batting: RHB Tommy Reyna 0-0: Ball
1-0: Swinging Strike
1-1: Ball
2-1: Called Strike
2-2: Foul Ball, location: 7LMFF
2-2: Ball
3-2: Base on Balls
Remigio Aguilar to third
Mikolas Polansky to second
Pitching: RHP Juan Amézaga
Batting: LHB Samad Beybukov 0-0: Called Strike
0-1: Ball
1-1: Foul Ball, location: 25F
1-2: Ground out 1-3 (Groundball, P, EV 74.4 MPH)
Bottom of the 7th over - 0 runs, 0 hits, 0 errors, 3 left on base; New York (A) 9 - Baltimore 2
TOP OF THE 8TH
New York (A) Yankees batting - Pitching for Baltimore Orioles : RHP José Méndez
Batting: RHB António Garza 0-0: Called Strike
0-1: Ball
1-1: Called Strike
1-2: Ground out U3 (Groundball, 3S, EV 84.4 MPH)
Batting: RHB Benjamim Futscher 0-0: Ball
1-0: Ground out 3-1 (Groundball, 34, EV 81.9 MPH)
Batting: LHB Johnny Erwin 0-0: Called Strike
0-1: Fly out, F8 (Flyball, 78M, EV 91.3 MPH)
Top of the 8th over - 0 runs, 0 hits, 0 errors, 0 left on base; New York (A) 9 - Baltimore 2
BOTTOM OF THE 8TH
Baltimore Orioles batting - Pitching for New York (A) Yankees : RHP Juan Amézaga
Batting: LHB Juan Jose Cabrera 0-0: Ball
1-0: Ball
2-0: Called Strike
2-1: Foul Ball, location: 7LMF
2-2: Strikes out swinging
Batting: LHB Jeff Hodge 0-0: Ball
1-0: Ball
2-0: Called Strike
2-1: Swinging Strike
2-2: Foul Ball, location: 25F
2-2: Ball
3-2: Strikes out swinging
Batting: RHB Cedric Powers 0-0: Ball
1-0: SINGLE (Groundball, 4D, EV 96.9 MPH)
Batting: LHB Greg Martin 0-0: Foul Ball, location: 25F
0-1: Ball
1-1: Swinging Strike
1-2: Foul Ball, location: 5F
1-2: SINGLE (Groundball, 4MS, EV 65.0 MPH) (infield hit)
Cedric Powers to second
Batting: RHB Freddy Hernández 0-0: Foul Ball, location: 9LMF
0-1: Ball
1-1: Ball
2-1: Ball
3-1: Base on Balls
Cedric Powers to third
Greg Martin to second
Batting: RHB Remigio Aguilar 0-0: Ball
1-0: Ball
2-0: Ball
3-0: Base on Balls
Cedric Powers scores
Greg Martin to third
Freddy Hernández to second
Batting: RHB Mikolas Polansky 0-0: Called Strike
0-1: Hit by Pitch
Greg Martin scores
Freddy Hernández to third
Remigio Aguilar to second
Batting: RHB Tommy Reyna 0-0: Ball
1-0: Foul Ball, location: 2F
1-1: Ball
2-1: Ball
3-1: Fielders Choice at 2nd, U4 (Groundball, 4M, EV 96.9 MPH)
Bottom of the 8th over - 2 runs, 2 hits, 0 errors, 3 left on base; New York (A) 9 - Baltimore 4
TOP OF THE 9TH
New York (A) Yankees batting - Pitching for Baltimore Orioles : RHP José Méndez
Batting: RHB Gene Russell 0-0: Called Strike
0-1: Swinging Strike
0-2: Ball
1-2: Foul Ball, location: 2F
1-2: Ball
2-2: Ball
3-2: Base on Balls
Batting: LHB Derek Allen 0-0: Ball
1-0: Called Strike
1-1: Foul Ball, location: 9LSF
1-2: Ball
2-2: Strikes out looking
Batting: SHB Rodrigo López 0-0: Ball
1-0: Fly out, F7 (Flyball, 7, EV 87.5 MPH)
Batting: RHB Sumitomo Nakamura 0-0: Fielders Choice at 2nd, 6-4 (Groundball, 6, EV 79.4 MPH)
Top of the 9th over - 0 runs, 0 hits, 0 errors, 1 left on base; New York (A) 9 - Baltimore 4
BOTTOM OF THE 9TH
Baltimore Orioles batting - Pitching for New York (A) Yankees : RHP Juan Amézaga
Batting: LHB Samad Beybukov 0-0: Called Strike
0-1: Swinging Strike
0-2: Ball
1-2: Ball
2-2: Strikes out looking
Batting: LHB Juan Jose Cabrera 0-0: Ball
1-0: Called Strike
1-1: Called Strike
1-2: Ball
2-2: Fly out, F8 (Flyball, 8LM, EV 81.9 MPH)
Batting: LHB Jeff Hodge 0-0: Called Strike
0-1: DOUBLE (Line Drive, 8RXD, EV 109.4 MPH)
Pitching: RHP Chris Hernández
Batting: RHB Cedric Powers 0-0: Ball
1-0: Called Strike
1-1: Ball
2-1: Foul Ball, location: 5F
2-2: Strikes out swinging
Bottom of the 9th over - 0 runs, 1 hit, 0 errors, 1 left on base; New York (A) 9 - Baltimore 4
Sunday, March 24th , 2024 - OOTP Baseball 24.10 Build 82